 Dungeon Crawl Stone Soup version 0.29-a0-1016-g236c7fd91e (webtiles) character file.

Game seed: 7805829092537975528

19048 leavemydog the Eclecticist (level 12, -14/64 HPs)
             Began as a Deep Elf Conjurer on Aug 9, 2022.
             Was an Elder of Vehumet.
             Demolished by Rupert
             ... wielding a +0 battleaxe of flaming
              (17 damage)
             ... on level 13 of the Dungeon.
             The game lasted 00:39:57 (17632 turns).

leavemydog the Eclecticist (Deep Elf Conjurer)     Turns: 17632, Time: 00:39:58

Health: -14/64     AC: 15    Str:  4    XL:     12   Next: 33%
Magic:  1/34       EV: 15    Int: 29    God:    Vehumet [****..]
Gold:   1555       SH:  0    Dex: 17    Spells: 16/43 levels left

rFire   + . .      SeeInvis .   z - staff of fire
rCold   . . .      Faith    .   (no shield)
rNeg    . . .      Spirit   .   Q - +0 acid dragon scales
rPois   .          Reflect  .   l - +1 helmet
rElec   .          Harm     .   t - +0 cloak
rCorr   +          Rampage  .   F - +2 pair of gloves "Deamuzot" {Dex+4 Stlth+}
Will    +....                   e - +2 pair of boots
Stlth   +++.......              (no amulet)
HPRegen 0.20/turn               j - +4 ring of evasion
MPRegen 0.24/turn               y - ring of wizardry

@: about to teleport
A: no striking features
a: Renounce Religion


You were on level 13 of the Dungeon.
You worshipped Vehumet.
Vehumet was greatly pleased with you.
You visited 2 branches of the dungeon, and saw 14 of its levels.

You collected 1705 gold pieces.
You spent 150 gold pieces at shops.

Inventory:

Missiles
 s - 20 poisoned darts
Armour
 a - a +0 robe
 e - a +2 pair of boots (worn)
 l - a +1 helmet (worn)
 t - a +0 cloak (worn)
 C - +0 ice dragon scales
 F - the +2 pair of gloves "Deamuzot" (worn) {Dex+4 Stlth+}
   (You acquired it on level 6 of the Dungeon)

   Dex:       It affects your dexterity (+4).
   Stlth:     It makes you more stealthy.
 Q - +0 acid dragon scales (worn)
Magical Staves
 i - a staff of poison
 u - a staff of air
 z - a staff of fire (weapon)
Jewellery
 d - a ring of positive energy
 j - a +4 ring of evasion (left hand)
 m - a ring of protection from cold
 y - a ring of wizardry (right hand)
 O - a +6 ring of strength
Wands
 k - a wand of roots (6)
 E - a wand of polymorph (7)
 G - a wand of digging (4)
 K - a wand of flame (11)
 M - a wand of mindburst (5)
Scrolls
 c - 2 scrolls of magic mapping
 f - 2 scrolls of noise
 g - 4 scrolls of enchant weapon
 h - 2 scrolls of blinking {unknown}
 q - a scroll of poison
 v - 7 scrolls of vulnerability
 x - 4 scrolls of teleportation
 D - 3 scrolls of amnesia
 J - a scroll of fear {unknown}
 P - a scroll of butterflies {unknown}
Potions
 b - 2 potions of might
 n - 2 potions of resistance
 o - 2 potions of invisibility
 p - a potion of ambrosia {unknown}
 r - 3 potions of curing
 w - 3 potions of flight
 A - a potion of haste {unknown}
 B - 2 potions of brilliance {unknown}
 H - 2 potions of lignification {unknown}
 I - a potion of berserk rage {unknown}
 L - 3 potions of mutation {unknown}
 N - 3 potions of attraction {unknown}


   Skills:
 * Level 2.8 Fighting
 - Level 2.4 Dodging
 - Level 2.4 Stealth
 + Level 16.2 Spellcasting
 + Level 13.7 Conjurations
 - Level 6.1 Hexes
 * Level 6.1 Translocations
 * Level 8.0 Fire Magic


You had 16 spell levels left.
You knew the following spells:

 Your Spells              Type           Power      Damage    Failure   Level
a - Magic Dart            Conj           100%       1d8       0%          1
b - Searing Ray           Conj           100%       2d8       1%          2
c - Iskenderun's Mystic   Conj/Tloc      69%        2d14      1%          4
d - Fulminant Prism       Conj/Hex       34%        3d16      1%          4
e - Iskenderun's Battles  Conj           80%        2d13      1%          5
f - Fireball              Conj/Fire      46%        3d18      1%          5
g - Starburst             Conj/Fire      46%        6d13      1%          6

Your spell library contained the following spells:

 Spells                   Type           Power      Damage    Failure   Level
 Eringya's Noxious Bog    Tmut/Pois      11%        N/A       54%         6
 Apportation              Tloc           100%       N/A       1%          1
 Foxfire                  Conj/Fire      100%       2x1d9     1%          1
 Necrotise                Necr           92%        1d8       1%          1
 Summon Small Mammal      Summ           92%        N/A       1%          1
 Ensorcelled Hibernation  Hex/Ice        82%        N/A       1%          2
 Poisonous Vapours        Pois/Air       46%        N/A       1%          2
 Conjure Flame            Conj/Fire      92%        6-21      1%          3
 Dazzling Flash           Conj/Hex       100%       N/A       1%          3
 Gell's Gravitas          Tloc           56%        N/A       1%          3
 Inner Flame              Hex/Fire       77%        N/A       1%          3
 Teleport Other           Tloc           56%        N/A       1%          3
 Flame Wave               Conj/Fire      92%        2d19      1%          4
 Orb of Destruction       Conj           40%        9d11      1%          7
 Passwall                 Tmut/Erth      19%        N/A       3%          2
 Conjure Ball Lightning   Conj/Air       29%        3x3d8     5%          6
 Swiftness                Air            23%        N/A       6%          3
 Corpse Rot               Necr/Pois/Air  23%        N/A       19%         4
 Dispersal                Tloc           28%        N/A       24%         6
 Malign Gateway           Summ/Tloc      20%        N/A       98%         7
 Summon Horrible Things   Summ           11%        N/A       100%        8


Dungeon Overview and Level Annotations

Branches:
Dungeon (13/15)            Temple (1/1) D:4            Lair (0/5) D:10
    Orc (0/2) D:9          Vaults (0/5) D:13

Altars:
Ashenzari
Cheibriados
Dithmenos
Elyvilon
Fedhas
Gozag
Hepliaklqana
Kikubaaqudgha
Makhleb
Nemelex Xobeh
Okawaru
Qazlal
Ru
Sif Muna
Trog
Uskayaw
Vehumet
Wu Jian
Xom
Yredelemnul
Zin
The Shining One

Shops:
D:3 ![   D:5 *   D:10 ::

Annotations:
D:13 Rupert


Message History

Confirm with . or Enter, or press ? or * to list all spells.
Aiming: Fireball (dangerous; 1% risk of failure)
Press: ? - help, Shift-Dir - straight line You feel a surge of power!
The fireball explodes!
The fireball engulfs something!!
Casting: Fireball (dangerous; 1% risk of failure)
Confirm with . or Enter, or press ? or * to list all spells.
Aiming: Fireball (dangerous; 1% risk of failure)
Press: ? - help, Shift-Dir - straight line
Okay, then.
Something barely misses you.
Casting: Fireball (dangerous; 1% risk of failure)
Confirm with . or Enter, or press ? or * to list all spells.
You don't know that spell.
Casting: Fireball (dangerous; 1% risk of failure)
Confirm with . or Enter, or press ? or * to list all spells.
Aiming: Fireball (dangerous; 1% risk of failure)
Press: ? - help, Shift-Dir - straight line You feel a surge of power!
The fireball explodes!
The fireball engulfs something!!
You hear a shout!
Something hits you! Something burns you. Something hits your battlesphere!!
Your battlesphere is destroyed!
Casting: Fireball (dangerous; 1% risk of failure)
Confirm with . or Enter, or press ? or * to list all spells.
You don't know that spell.
Casting: Fireball (dangerous; 1% risk of failure)
Confirm with . or Enter, or press ? or * to list all spells.
Aiming: Fireball (dangerous; 1% risk of failure)
Press: ? - help, Shift-Dir - straight line You feel a surge of power!
The fireball explodes!
The fireball engulfs something!!
The fireball engulfs you! You resist. Something hits you!!
* * * LOW HITPOINT WARNING * * *
Something burns you.
* * * LOW HITPOINT WARNING * * *
Okay, then.
As you read the scroll of teleportation, it crumbles to dust.
You feel strangely unstable. Something hits you!
You die...

. #......#....
..#########################.#####
................#........#......
................#........#......
######...######..#####....#....#.
...........#...................#.
...........#...................#.
......##########################.
......#.........@........ ....
......#.........°........ .....
#....##.############....# #####
#....#.....# . .... #....#.....#
... .. #....####..#...##
.................
.................
##.#######..#..#.


There were no monsters in sight!

Vanquished Creatures
  An ironbound preserver (D:13)
  A hydra (D:13)
  3 two-headed ogres
  A centaur warrior (D:13)
  A tengu warrior (D:13)
  Pikel (D:4)
  2 ugly things (D:12)
  A manticore (D:13)
  3 cyclopes
  Joseph (D:7)
  2 gargoyles
  An efreet (D:13)
  3 trolls
  5 slime creatures (D:12)
  Prince Ribbit (D:7)
  3 hornets
  Grinder (D:4)
  Sigmund (D:3)
  4 shadows
  3 wraiths (D:12)
  4 wyverns
  6 yaks (D:10)
  A vampire (D:12)
  A steam dragon (D:6)
  Edmund (D:5)
  Menkaure (D:4)
  5 vampire mosquitoes
  2 acid dragons
  4 water moccasins
  2 ice beasts
  Duvessa (D:6)
  4 orc warriors
  4 black bears
  4 lemures
  6 centaurs
  A kobold brigand (D:10)
  3 gnoll sergeants
  Blork the orc (D:6)
  2 bullfrogs
  2 scorpions
  4 wights (D:9)
  4 troll zombies (D:9)
  Dowan (D:6)
  4 killer bees (D:11)
  2 electric eels (D:11)
  6 howler monkeys
  3 jellies
  6 orc priests
  Crazy Yiuf (D:2)
  Jessica (D:2)
  6 orc wizards
  3 iguanas
  4 ogre zombies (D:9)
  13 gnolls
  5 adders
  A shadow imp (D:8)
  4 dart slugs
  56 orcs
  10 ball pythons
  7 endoplasms
  4 giant cockroaches (D:3)
  5 goblins
  9 hobgoblins
  10 quokkas
  7 bats
  3 frilled lizards
  4 goblin skeletons (D:9)
  3 goblin zombies (D:9)
  5 kobolds
  2 orc skeletons (D:9)
  16 orc zombies (D:9)
  6 rats
309 creatures vanquished.

Vanquished Creatures (others)
  12 fulminant prisms
  47 fungi
  48 plants (D:10)
107 creatures vanquished.

Grand Total: 416 creatures vanquished

Notes
Turn   | Place    | Note
-------+----------+-------------------------------------------
     0 | D:1      | leavemydog the Deep Elf Conjurer began the quest for the
                  | Orb.
     0 | D:1      | Reached XP level 1. HP: 10/10 MP: 6/6
   166 | D:1      | Reached XP level 2. HP: 15/15 MP: 1/8
   181 | D:1      | Learned a level 2 spell: Searing Ray
   362 | D:1      | Reached skill level 5 in Conjurations
   855 | D:2      | Noticed Jessica
   857 | D:2      | Killed Jessica
   858 | D:2      | Reached XP level 3. HP: 19/19 MP: 6/10
  1109 | D:2      | Found a faded altar of an unknown god.
  1280 | D:2      | Reached XP level 4. HP: 24/24 MP: 6/11
  1537 | D:2      | Found a runed translucent door.
  1538 | D:2      | Noticed Crazy Yiuf
  1807 | D:2      | Killed Crazy Yiuf
  1808 | D:2      | Reached skill level 4 in Spellcasting
  1982 | D:3      | Found a glowing golden altar of the Shining One.
  2044 | D:3      | Found a sacrificial altar of Ru.
  2106 | D:3      | Found Lisanog's Antique Armour Shop.
  2426 | D:3      | Found Nemaimiwn's Distillery.
  2452 | D:3      | Bought a potion of heal wounds for 50 gold pieces
  2452 | D:3      | Bought 2 potions of heal wounds for 100 gold pieces
  2472 | D:3      | Noticed Sigmund
  2482 | D:3      | Killed Sigmund
  2483 | D:3      | Reached skill level 5 in Spellcasting
  2483 | D:3      | Reached XP level 5. HP: 28/28 MP: 8/15
  2483 | D:3      | Reached XP level 6. HP: 32/32 MP: 8/16
  2528 | D:3      | Learned a level 4 spell: Iskenderun's Mystic Blast
  2533 | D:3      | Learned a level 4 spell: Fulminant Prism
  3101 | D:4      | Noticed Grinder
  3113 | D:3      | Reached skill level 1 in Hexes
  3113 | D:3      | Reached skill level 1 in Translocations
  3213 | D:4      | Noticed Pikel
  3334 | D:4      | Killed Grinder
  3335 | D:4      | Reached skill level 6 in Spellcasting
  3335 | D:4      | Reached XP level 7. HP: 34/36 MP: 14/18
  3482 | D:4      | Noticed Menkaure
  3488 | D:4      | Killed Menkaure
  3489 | D:4      | Reached skill level 7 in Spellcasting
  3632 | D:4      | Found a sand-covered staircase.
  3677 | D:4      | Killed Pikel
  3678 | D:4      | Reached skill level 8 in Spellcasting
  3678 | D:4      | Reached XP level 8. HP: 18/41 MP: 18/22
  3997 | D:4      | Found a staircase to the Ecumenical Temple.
  4060 | Temple   | Entered the Ecumenical Temple
  4127 | Temple   | Became a worshipper of Vehumet
  4392 | D:5      | Entered Level 5 of the Dungeon
  4965 | D:5      | Found a blossoming altar of Fedhas.
  5166 | D:5      | Found Ifaett's General Store.
  5209 | D:5      | Noticed Edmund
  5219 | D:5      | Killed Edmund
  5335 | D:5      | Reached skill level 9 in Spellcasting
  5584 | D:5      | Learned a level 5 spell: Iskenderun's Battlesphere
  6038 | D:6      | Reached skill level 5 in Hexes
  6652 | D:6      | Reached XP level 9. HP: 42/45 MP: 17/24
  6694 | D:6      | Learned a level 5 spell: Fireball
  6717 | D:6      | Reached * piety under Vehumet
  6717 | D:6      | Offered knowledge of Shock by Vehumet.
  6926 | D:6      | Noticed Blork the orc
  6931 | D:6      | Killed Blork the orc
  7141 | D:6      | Identified 3 scrolls of acquirement
  7141 | D:6      | Acquired the +2 pair of gloves "Deamuzot" {Dex+4 Stlth+}
  7266 | D:6      | Noticed Duvessa
  7266 | D:6      | Noticed Dowan
  7271 | D:6      | Killed Dowan
  7272 | D:6      | Reached skill level 1 in Fire Magic
  7276 | D:6      | Killed Duvessa
  7277 | D:6      | Reached skill level 10 in Spellcasting
  7698 | D:6      | Acquired 872 gold pieces
  7700 | D:6      | Acquired a ring of wizardry
  7858 | D:7      | Noticed Prince Ribbit
  7858 | D:7      | Noticed Joseph
  7867 | D:7      | Killed Prince Ribbit
  7876 | D:7      | Killed Joseph
  7877 | D:7      | Reached skill level 5 in Translocations
  8041 | D:7      | Reached skill level 10 in Conjurations
  8211 | D:7      | Reached skill level 11 in Spellcasting
  9192 | D:8      | Reached ** piety under Vehumet
  9203 | D:8      | Offered knowledge of Sandblast by Vehumet.
  9316 | D:8      | Reached XP level 10. HP: 49/50 MP: 5/27
 10636 | D:9      | Offered knowledge of Ignite Poison by Vehumet.
 10730 | D:9      | Reached skill level 12 in Spellcasting
 10975 | D:9      | Reached *** piety under Vehumet
 10985 | D:9      | Offered knowledge of Frozen Ramparts by Vehumet.
 11376 | D:9      | Found an ancient bone altar of Kikubaaqudgha.
 11549 | D:9      | Learned a level 6 spell: Starburst
 11627 | D:9      | Found a staircase to the Orcish Mines.
 11674 | D:9      | Found a glowing silver altar of Zin.
 11813 | D:10     | Entered Level 10 of the Dungeon
 11821 | D:10     | Found Tofesk's Tremendous Tomes.
 11875 | D:10     | Reached skill level 5 in Fire Magic
 11879 | D:10     | Reached skill level 13 in Spellcasting
 12102 | D:10     | Found Rarat's Self-Improvement Boutique.
 12104 | D:10     | Noticed a two-headed ogre
 12107 | D:10     | Reached **** piety under Vehumet
 12111 | D:10     | Killed a two-headed ogre
 12236 | D:10     | Found a burning altar of Makhleb.
 12245 | D:10     | Reached XP level 11. HP: 54/54 MP: 23/30
 12688 | D:10     | Found a shimmering blue altar of Sif Muna.
 12724 | D:10     | Found a hide-covered altar of Uskayaw.
 12923 | D:10     | Reached skill level 14 in Spellcasting
 13183 | D:10     | Found a staircase to the Lair.
 13311 | D:11     | Offered knowledge of Lightning Bolt by Vehumet.
 13324 | D:11     | Noticed a boulder beetle
 13630 | D:11     | Noticed a two-headed ogre
 13632 | D:11     | Killed a two-headed ogre
 14711 | D:12     | Reached skill level 15 in Spellcasting
 15211 | D:12     | Noticed a green ugly thing
 15218 | D:12     | Killed a green ugly thing
 15272 | D:12     | Reached skill level 1 in Fighting
 15424 | D:12     | Noticed a green ugly thing
 15433 | D:12     | Killed a green ugly thing
 15870 | D:12     | Reached ***** piety under Vehumet
 16247 | D:13     | Offered knowledge of Eringya's Noxious Bog by Vehumet.
 16255 | D:13     | Noticed a tengu warrior
 16256 | D:13     | Noticed a two-headed ogre
 16259 | D:13     | Killed a tengu warrior
 16259 | D:13     | Killed a two-headed ogre
 16260 | D:13     | Reached XP level 12. HP: 62/62 MP: 11/33
 16281 | D:13     | Noticed a seven-headed hydra
 16903 | D:13     | Identified the +1 leather armour "Seumniet" {Regen+ Slay+4
                  | SInv}
 16903 | D:13     | Noticed an ironbound preserver
 16907 | D:13     | Killed an ironbound preserver
 16908 | D:13     | Reached skill level 16 in Spellcasting
 17181 | D:13     | Found a gate to the Vaults.
 17363 | D:13     | Noticed a centaur warrior
 17365 | D:13     | Killed a centaur warrior
 17454 | D:13     | Killed a seven-headed hydra
 17622 | D:13     | Noticed Rupert
 17631 | D:13     | HP: 3/64 [something (4)]
 17632 | D:13     | Demolished by Rupert

Illustrated notes

Levels and vault maps discovered:
D:1:      minmay_arrival_open_corners, layout_rooms, minmay_misc_feat_room,
          nicolae_concentric_dashed_squares_wild, minmay_distorted
D:2:      layout_loops_ring, basic_ecumenical_altar, uniq_crazy_yiuf_cottage,
          uniq_jessica
D:3:      layout_basic, nicolae_ru_the_path_less_chosen,
          mainiacjoe_overflow_tiny_flanked, gup_sewer_entry_pipe, serial_shops,
          shop_statue, nicolae_shop_crystal, minmay_large_rounded_square,
          uniq_sigmund
D:4:      layout_loops_ring, temple_green, enter_ossuary_1,
          chequers_serial_rivers_micro_b, uniq_pikel, uniq_menkaure,
          uniq_grinder
D:5:      layout_gridville, lemuel_doored_altar, serial_shops,
          nicolae_shop_waterfront, uniq_edmund
D:6:      layout_basic, roderic_roman_lattice, uniq_duvessa, uniq_blork_the_orc
D:7:      layout_basic, minmay_crystal_room, uniq_prince_ribbit1, uniq_joseph
D:8:      layout_basic, special_room [special_room_orc]
D:9:      layout_roguey, general_overflow_altar, zin_scriptorium,
          zombieorc2_lemuel
D:10:     layout_roguey, nicolae_sif_muna_little_library,
          lightli_temple_of_fire, nicolae_uskayaw_dance_studio,
          due_lair_maze_entry_diamond, serial_curves, eino_curves_04,
          eino_curves_02, nicolae_shop_i_like_big_books, minmay_door_square,
          nicolae_shop_self_help
D:11:     layout_rooms, minivault_14
D:12:     minmay_connected_triangles_in_corner, layout_grid_maze
D:13:     layout_grid_maze, skrybe_vaults_entry_preservation, uniq_rupert
Temple:   zaba_magenta_temple

Skill      XL: |  1  2  3  4  5  6  7  8  9 10 11 12 |
---------------+-------------------------------------+-----
Conjurations   | 5 7 8 9 10 12 13 | 13.7
Spellcasting   | 5 6 8 9 11 13 15 16 | 16.2
Hexes          | 2 3 5 6 |  6.1
Translocations | 1 3 4 5 6 |  6.1
Fire Magic     | 3 5 7 8 |  8.0
Fighting       | 2 |  2.8
Dodging        | |  2.4
Stealth        | |  2.4

Action                   |  1- 3 |  4- 6 |  7- 9 | 10-12 || total
-------------------------+-------+-------+-------+-------++-------
Melee: Staff             |     3 |     3 |    14 |     1 ||    21
 Cast: Magic Dart        |    48 |    91 |   224 |   222 ||   585
       Searing Ray       |     1 |     8 |    25 |    33 ||    67
       Iskenderun's Myst |       |     1 |    14 |    23 ||    38
       Fulminant Prism   |       |       |     2 |    10 ||    12
       Iskenderun's Batt |       |       |     6 |    16 ||    22
       Fireball          |       |       |     4 |    67 ||    71
  Use: Scroll            |       |     5 |    11 |     6 ||    22
       Potion            |       |     3 |     6 |     2 ||    11
Armor: Robe              |     1 |     4 |    17 |    22 ||    44
       Acid dragon scale |       |       |       |     5 ||     5
Dodge: Dodged            |     2 |    32 |    73 |    90 ||   197

Table legend: (Time is in decaauts)
 A = Elapsed time spent in this place.
 B = Non-inter-level travel time spent in this place.
 C = Inter-level travel time spent in this place.
 D = Time resting spent in this place.
 E = Time spent auto-exploring this place.
 F = Levels seen in this place.
 G = Mean time per level.
                   A        B        C        D        E       F      G
               +--------+--------+--------+--------+--------+-----+--------+
         Total |  17654 |  16930 |    724 |   5893 |   9152 |  14 | 1261.0 |
       Dungeon |  17533 |  16851 |    682 |   5893 |   9079 |  13 | 1348.7 |
        Temple |    120 |     78 |     42 |      0 |     73 |   1 |  120.0 |
               +--------+--------+--------+--------+--------+-----+--------+

Top non-repeatable levels by time:
    D:12: 2157 daAuts
     D:6: 1834 daAuts
    D:10: 1614 daAuts
     D:8: 1559 daAuts
     D:7: 1382 daAuts
     D:5: 1364 daAuts
     D:3: 1355 daAuts
     D:9: 1287 daAuts
    D:13: 1230 daAuts
     D:4: 1153 daAuts
     D:2: 1094 daAuts
     D:1: 815 daAuts
    D:11: 682 daAuts
  Temple: 120 daAuts
